 Dungeon Crawl Stone Soup version 0.22-a0-542-gce4f928 (webtiles) character file.

102 Amnesiac the Ducker (level 4, -2/24 HPs)
             Began as a Spriggan Wanderer on June 25, 2018.
             Was an Initiate of Dithmenos.
             Killed from afar by an orc wizard (7 damage)
             ... with a magic dart
             ... on level 4 of the Dungeon.
             The game lasted 00:09:26 (1641 turns).

Amnesiac the Ducker (Spriggan Wanderer)             Turns: 1641, Time: 00:09:26

Health: -2/24      AC:  3    Str:  7    XL:     4   Next: 50%
Magic:  7/7        EV: 20    Int: 11    God:    Dithmenos [......]
Gold:   85         SH:  0    Dex: 17    Spells: 3/3 levels left

rFire    . . .     SeeInvis +   e - +0 dagger
rCold    . . .     Gourm    .   (shield restricted)
rNeg     . . .     Faith    .   d - +1 robe
rPois    +         Spirit   .   (helmet restricted)
rElec    .         Reflect  .   (no cloak)
rCorr    .         Harm     .   (gloves unavailable)
MR       .....                  (boots unavailable)
Stlth    +++.......             (no amulet)
HPRegen  0.08/turn              (no ring)
MPRegen  0.10/turn              (no ring)

@: very quick
A: very small, unfitting armour, hooves 1, see invisible, clumsy 1, herbivore,
speed 3, poison resistance, slow metabolism 2
a: Renounce Religion


You were on level 4 of the Dungeon.
You worshipped Dithmenos.
Dithmenos was noncommittal.
You were not hungry.

You visited 2 branches of the dungeon, and saw 5 of its levels.

You collected 85 gold pieces.

Inventory:

Hand Weapons
 e - a +0 dagger (weapon)
Armour
 d - a +1 robe (worn)
Scrolls
 a - a scroll of fear {!r}
 i - a scroll of remove curse {!r}
Potions
 b - a potion of agility {!q}
Comestibles
 f - a ration


   Skills:
 - Level 3.2 Fighting
 + Level 2.9 Short Blades
 - Level 4.5 Dodging
 - Level 4.4 Stealth
 - Level 1.0 Unarmed Combat
   Level 2.6 Evocations


You had 3 spell levels left.
You didn't know any spells.
Your spell library was empty.

Dungeon Overview and Level Annotations

Branches:
Dungeon (4/15)             Temple (1/1) D:4

Altars:
Ashenzari
Cheibriados
Dithmenos
Elyvilon
Fedhas
Hepliaklqana
Kikubaaqudgha
Makhleb
Nemelex Xobeh
Okawaru
Qazlal
Ru
Trog
Uskayaw
Wu Jian
Xom
Yredelemnul
Zin
The Shining One

Annotations:
D:4 exclusion: orc wizard, Menkaure


Innate Abilities, Weirdness & Mutations

You are very small and have problems with some larger weapons.
You are too small for most types of armour.
You have supernaturally acute eyesight. (SInv)
You are a herbivore.
You cover ground extremely quickly.
You need to consume almost no food.
You have large cloven feet.
You are clumsy. (Dex -2)
Your system is resistant to poisons. (rPois)


Message History

You open the door.
Found three altars.
Found an ancient bone altar of Kikubaaqudgha.
There is an open door here.
Found a glowing golden altar of the Shining One.
You flicker for a moment.
There is an open door here.
You flicker back into view.
HP restored.
You open the door.
Found three altars.
Found a shattered altar of Ashenzari.
There is an open door here.
Found a shimmering altar of Xom.
There is an open door here.
You open the door.
Found a hazy altar of Hepliaklqana and a burning altar of Makhleb.
There is an open door here.
Found a bloodstained altar of Trog.
Found an iron altar of Okawaru.
There is an open door here.
Your magical contamination has completely faded away.
There is an open door here.
There is an open door here.
There is an open door here.
Done exploring.
Done exploring.
Done exploring.
Done exploring.
There is a shadowy altar of Dithmenos here.
You kneel at the altar of Dithmenos.
Dithmenos welcomes you!
There is an open door here.
There is an open door here.
There is a staircase back to the Dungeon here.
You climb upwards.
Welcome back to the Dungeon!
Level annotation: exclusion: orc wizard, Menkaure The orc wizard shouts!
There is a staircase to the Ecumenical Temple here.
Really read
g - a scroll labeled FUIMIROJAN {!r}?
As you read the scroll labeled FUIMIROJAN {!r}, it crumbles to dust.
It is a scroll of enchant armour.
Your +0 robe glows green for a moment.
Menkaure casts a spell.
Menkaure seems to speed up.
The orc wizard gestures at you while chanting.
The magic dart hits you!
Okay, then.
Menkaure calls on the powers of darkness!
Your body is wracked with pain!
* * * LOW HITPOINT WARNING * * *
Menkaure points at you and mumbles some strange words.
Pain shoots through your body!
* * * LOW HITPOINT WARNING * * *
An orc comes into view. It is wielding a dagger of venom.
Menkaure calls on the powers of darkness!
Your body is wracked with pain!
* * * LOW HITPOINT WARNING * * *
Okay, then.
You aren't carrying any items that you can evoke.
Okay, then.
The orc wizard points at you and mumbles some strange words.
The magic dart hits you!
You die...

###########.##
#.............##
#.##########...###
#.o...............
#.....o.≈≈≈≈≈.....
#..o..≈≈≈≈≈≈≈≈≈...
#..o≈≈≈≈≈≈≈≈≈≈≈≈≈.
#..≈≈≈≈≈≈...≈≈≈≈≈≈
#@.≈≈≈≈≈≈.>.≈≈≈≈≈≈
#..≈≈≈≈≈≈...≈≈≈≈≈≈
##.≈≈≈≈≈≈≈.≈≈≈≈≈≈≈
#..≈≈≈≈≈≈.≈≈≈≈≈≈.
#....≈≈≈≈.≈≈≈≈...
#......≈≈.≈≈.....
#.........M......
###########..)...
######.


You could see 2 orc priests, an orc wizard and an orc (wandering).

Vanquished Creatures
  An orc priest (D:4)
  A worker ant (D:3)
  2 adders (D:3)
  2 leopard geckos (D:3)
  4 orcs
  A giant cockroach (D:3)
  A goblin (D:3)
  5 hobgoblins
  A jackal (D:2)
  3 kobolds (D:3)
  A quokka (D:3)
  A bat (D:3)
  A frilled lizard (D:1)
  2 rats
26 creatures vanquished.

Notes
Turn   | Place    | Note
-------+----------+-------------------------------------------
     0 | D:1      | Amnesiac the Spriggan Wanderer began the quest for the Orb.
     0 | D:1      | Amnesiac set off with: a scroll of fear {!r}, a potion of berserk rage {!q}, 2 potions of curing {!q}, a +0 robe, a +0 dagger, a ration
     0 | D:1      | Reached XP level 1. HP: 12/12 MP: 3/3
   273 | D:1      | Reached skill level 1 in Dodging
   494 | D:3      | Noticed a worker ant
   500 | D:3      | Killed a worker ant
   500 | D:3      | Reached XP level 2. HP: 14/16 MP: 5/5
   500 | D:3      | Reached XP level 3. HP: 17/20 MP: 6/6
   760 | D:3      | Gained mutation: You have large cloven feet. [potion of mutation]
   760 | D:3      | Gained mutation: You are clumsy. (Dex -2) [potion of mutation]
   760 | D:3      | Gained mutation: Your system is resistant to poisons. (rPois) [potion of mutation]
   764 | D:3      | Reached skill level 1 in Short Blades
   796 | D:3      | Found a white marble altar of Elyvilon.
   830 | D:3      | Reached XP level 4. HP: 10/24 MP: 7/7
  1222 | D:4      | Found a staircase to the Ecumenical Temple.
  1223 | D:4      | Noticed Menkaure
  1355 | Temple   | Entered the Ecumenical Temple
  1593 | Temple   | Became a worshipper of Dithmenos the Shadowed
  1641 | D:4      | Killed from afar by an orc wizard

Vault maps used:
D:1:      minmay_arrival_stone_box
D:2:      cheibrodos_old_hovel
D:3:      lemuel_crystal_altar, first_ration, lemuel_blue_sif_altar,
          uniq_crazy_yiuf_cottage
D:4:      temple_pool_b, serial_shops, shop, kennysheep_windowed_goal,
          uniq_menkaure, uniq_ijyb
Temple:   dpeg_five_rooms_temple

Skill      XL: |  1  2  3 |
---------------+----------+-----
Dodging        | 4 |  4.5
Short Blades   | 2 |  2.9
Fighting       | |  3.2
Stealth        | |  4.4
Unarmed Combat | |  1.0
Evocations     | |  2.6

Action                   |  1- 3 |  4- 6 || total
-------------------------+-------+-------++-------
Melee: Dagger            |   120 |    38 ||   158
       Kick              |     5 |    11 ||    16
       Punch             |     1 |       ||     1
  Use: Potion            |     4 |     1 ||     5
       Scroll            |     1 |     3 ||     4
 Stab: Sleeping          |     5 |       ||     5
       Invisible         |       |     1 ||     1
Armor: Robe              |     1 |     1 ||     2
Dodge: Dodged            |    86 |    28 ||   114

Table legend:
 A = Spawn XP
 B = Non-spawn XP
 C = Spawn XP percentage of total XP
 D = Spawn monster count
 E = Non-spawn monster count
 F = Spawn count percentage of total count
 G = Total turns spent on level
                    A         B        C        D         E        F      G
               +---------+---------+-------+---------+---------+-------+---------
         Total |       0 |     147 |   0.0 |       0 |      26 |   0.0 |  1641
               +---------+---------+-------+---------+---------+-------+---------
           D:1 |       0 |       5 |   0.0 |       0 |       3 |   0.0 |   446
           D:2 |       0 |       6 |   0.0 |       0 |       3 |   0.0 |   165
           D:3 |       0 |      95 |   0.0 |       0 |      19 |   0.0 |   576
           D:4 |       0 |      41 |   0.0 |       0 |       1 |   0.0 |   184
               +---------+---------+-------+---------+---------+-------+---------
